Map: 카이로스 정션 - 래더

Players

Ziggy

  • Race: Terran Terran
  • Spawn Location: 5:00

herO - Winner!

  • Race: Protoss Protoss
  • Spawn Location: 11:00

Event: IEM Season 13: Katowice (2019)

VOD

Have the link to the VOD?

Description

Time

  • Played on: Feb. 25, 2019, 9:45 a.m.
  • Length: 4:21

All games in this series

Show
View Real Time Build Order
Export as new Build Order

Ziggy Terran 

Build Orders:  

Get SALT Encoding   

  12  0:00  SCV  
  13  0:12  SCV  
  14  0:17  Supply Depot  
  14  0:24  SCV  
  15  0:39  Barracks  
  15  0:43  Refinery  
  15  0:56  Barracks  
  15  1:10  Barracks  
  15  1:19  Refinery  
  15  1:26  Reaper  
  16  1:43  Reaper  
  17  1:52  Barracks  
  17  2:02  Reaper  
  18  2:09  Reaper  
  20  2:15  Reaper  
  20  2:34  Reaper  
  21  2:40  Supply Depot  
  21  2:44  Reaper  
  20  3:15  Reaper  
  20  3:19  Reaper  
  22  3:24  Reaper  
  23  3:31  Reaper  
  24  3:47  Reaper  
Show
View Real Time Build Order
Export as new Build Order

herO Protoss - Winner!

Build Orders:  

Get SALT Encoding   

  12  0:00  Probe  
  13  0:12  Probe  
  14  0:17  Pylon  
  14  0:23  Probe  
  15  0:31  Probe  
  15  0:38  Gateway  
  15  0:39  Probe  
  16  0:46  Assimilator  
  17  0:51  Probe  
  18  1:03  Probe  
  19  1:11  Pylon  
  19  1:15  Probe  
  20  1:24  Cybernetics Core  
  20  1:26  Assimilator  
  20  1:27  Probe  
  20  1:28  Zealot  
  23  1:39  Probe  
  24  1:51  Probe, Stalker  
  25  2:01  Warp Gate  
  25  2:03  Probe  
  27  2:15  Probe, Robotics Facility  
  27  2:18  Stalker  
  28  2:27  Pylon  
  29  2:43  Stalker  
  29  2:51  Gateway x2  
  31  2:59  Observer  
  32  3:08  Pylon  
  32  3:16  Stalker  
  32  3:17  Observer  
  32  3:18  Immortal  
  36  3:30  Shield Battery  
  36  3:34  Probe  
  37  3:50  Stalker x2  

Tags
 
Add a new tag
Caveats
  • Supply blocks, unpowered buildings, or Contaminate may cause inaccurate times.
  • Supply counts are checked every 10 seconds.